 Dungeon Sprint DCSS version 0.28-a0-750-g7c675f85b1 (webtiles) character file.

Game seed: 9554364956688759238

46760 mhtbhm the Hawkeye (level 14, -8/135 HPs)
             Began as a Minotaur Hunter on Oct 29, 2021.
             Was the Champion of Okawaru.
             Mangled by a deep troll earth mage (11 damage)
             ... in the Dungeon (Sprint IX: "|||||||||||||||||||||||||||||") on Oct 30, 2021.
             The game lasted 00:23:07 (8307 turns).

mhtbhm the Hawkeye (Minotaur Hunter)                Turns: 8307, Time: 00:23:09

Health: -8/135     AC: 25    Str: 26    XL:     14   Next: 6%
Magic:  20/25      EV: 12    Int:  8    God:    Okawaru [******]
Gold:   1563       SH: 10    Dex: 10    Spells: 13/13 levels left

rFire   . . .      SeeInvis .   d - +3 scimitar (flame)
rCold   . . .      Faith    .   c - +0 kite shield {reflect}
rNeg    . . .      Spirit   .   b - +2 chain mail {Will+}
rPois   .          Reflect  +   (helmet restricted)
rElec   .          Harm     .   (no cloak)
rCorr   .          Rampage  .   v - +1 pair of gloves
Will    ++...      NoTele   +   m - +0 pair of boots
Stlth   ..........              (no amulet)
HPRegen 0.32/turn               n - +3 ring of strength
MPRegen 0.19/turn               o - +2 ring of protection

@: mighty, heroic, finesse-ful
A: horns 2, retaliatory headbutt
a: Renounce Religion, Heroism, Finesse


You were in the Dungeon.
You worshipped Okawaru.
Okawaru was exalted by your worship.
You visited 1 branch You collected 1923 gold pieces.
You spent 360 gold pieces at shops.

Inventory:

Hand Weapons
 a - the +8 dagger "Wocly" {speed, rPois Str+3}
   (Okawaru gifted it to you in the Dungeon)

   Attacks with this weapon are significantly faster.
   Str:       It affects your strength (+3).
   rPois:     It protects you from poison.
 d - a +3 scimitar of flaming (weapon)
 z - a +2 long sword of holy wrath
Missiles
 p - 5 atropa-tipped darts (quivered)
 q - a curare-tipped dart
 J - 5 poisoned darts
Armour
 b - a +2 chain mail of willpower (worn)
 c - a +0 kite shield of reflection (worn)
 m - a +0 pair of boots (worn)
 s - a +0 buckler
 v - a +1 pair of gloves (worn)
Jewellery
 n - a +3 ring of strength (left hand)
 o - a +2 ring of protection (right hand)
 D - a ring of willpower
 E - a ring of protection from cold
 F - a ring of see invisible
 G - a ring of fire
Scrolls
 f - a scroll of immolation
 k - 2 scrolls of amnesia
 w - a scroll of identify
 x - 6 scrolls of enchant armour
 y - 2 scrolls of enchant weapon
 I - 2 scrolls of fog
Potions
 e - 5 potions of curing
 h - 4 potions of magic
 t - 3 potions of resistance
 u - 2 potions of brilliance


   Skills:
 + Level 15.2(20.2) Fighting
 + Level 13.3(20.7) Short Blades
 + Level 14.9(22.3) Long Blades
 + Level 22.1(27) Throwing
 + Level 19.1(24.1) Armour
 + Level 8.9(13.9) Dodging
 - Level 2.8(7.8) Stealth
 - Level 4.0(9.0) Shields
 * Level 17.2 Invocations
 + Level 3.5 Evocations


You had 13 spell levels left.
You didn't know any spells.
Your spell library was empty.

Dungeon Overview and Level Annotations

Branches:
Dungeon (1/1)

Altars:
Cheibriados
Dithmenos
Elyvilon
Fedhas
Gozag
Hepliaklqana
Kikubaaqudgha
Makhleb
Nemelex Xobeh
Okawaru
Qazlal
Ru
Sif Muna
Trog
Uskayaw
Vehumet
Wu Jian
Xom
Yredelemnul
Zin
The Shining One
Beogh
Jiyva
Lugonu

Shops:
D ![((


Innate Abilities, Weirdness & Mutations

You have a pair of horns on your head.
You reflexively headbutt those who attack you in melee.


Message History

You slash the rakshasa! You burn the rakshasa.
The rakshasa is almost dead.
Unknown command.
You barely miss the rakshasa. You headbutt the rakshasa.
You kill the rakshasa!
Okawaru accepts your kill.
The stone giant shimmers and vanishes! x2
Your base Throwing skill increases to level 22!
You have reached level 14!
Unknown command.
You closely miss the deep troll earth mage.
The deep troll earth mage is heavily wounded.
You slice the deep troll earth mage!! You burn the deep troll earth mage.
You kill the deep troll earth mage!
Okawaru accepts your kill.
The deep troll shaman calls upon its god to strengthen the deep troll earth mage.
The deep troll earth mage seems to grow stronger.
Things that are here:
a +0 trident; a +0 robe Unknown command.
You slash the deep troll shaman! You burn the deep troll shaman.
The deep troll shaman is lightly wounded.
You completely miss the deep troll shaman.
You headbutt the deep troll shaman!
The deep troll shaman is heavily wounded.
You block the deep troll shaman's attack.
The deep troll shaman closely misses you.
The deep troll shaman claws you but does no damage.
You carve the deep troll shaman like a ham!!!
You burn the deep troll shaman!
You kill the deep troll shaman!
Okawaru accepts your kill.
You slash the deep troll earth mage! You burn the deep troll earth mage.
The deep troll earth mage is moderately wounded.
The deep troll earth mage bites you!!
* * * LOW HITPOINT WARNING * * *
The deep troll earth mage claws you.
* * * LOW HITPOINT WARNING * * *
The deep troll earth mage claws you!
You die...

▓.▓.▓.▓.▓.▓.▓.▓.▓.
▓.▓.▓.▓.▓.▓.▓.▓.▓.
▓.▓.▓.▓.▓(▓.▓)▓.▓.
▓.▓.▓†▓.▓.▓.▓)▓.▓)
▓.▓.▓'▓.▓)▓.▓.▓.▓.
▓)▓.▓.▓.▓)▓.▓)▓.▓.
▓[▓.▓.▓)▓)▓.▓)▓.▓.
▓(▓.▓.▓.▓)▓.▓)▓.▓.
▓@▓.▓.▓.▓)▓.▓)▓.▓.
▓T▓.▓.▓.▓)▓.▓)▓.▓.
▓C▓.▓.▓.▓)▓.▓.▓.▓'
▓.▓.▓.▓)▓)▓.▓.▓.▓.
▓C▓.▓.▓.▓.▓.▓.▓.▓.
▓(▓[▓.▓.▓[▓.▓.▓.▓.
▓.▓.▓†▓)▓[▓.▓.▓.▓.
▓.▓.▓)▓)▓[▓.▓.▓.▓.
▓.▓.▓)▓[▓.▓)▓)▓.


You could see 2 stone giants and a deep troll earth mage (fast, strong).

Vanquished Creatures
  Saint Roka (D)
  Agnes (D)
  Donald (D)
  A frost giant (D)
  A fire giant (D)
  An emperor scorpion (D)
  4 stone giants (D)
  Azrael (D)
  An entropy weaver (D)
  An eleionoma (D)
  An ettin (D)
  2 fire dragons (D)
  A rakshasa (D)
  An ice dragon (D)
  A ghost crab (D)
  2 spriggan air magi (D)
  5 hydras (D)
  2 catoblepae (D)
  A two-headed ogre (D)
  A centaur warrior (D)
  A tengu warrior (D)
  2 deep troll shamans (D)
  A merfolk avatar (D)
  A deep troll earth mage (D)
  A spriggan berserker (D)
  A shock serpent (D)
  A goliath frog (D)
  A sea snake (D)
  A swamp dragon (D)
  A spriggan druid (D)
  An orc knight (D)
  A harpy (D)
  7 orc sorcerers (D)
  3 deep elf pyromancers (D)
  4 wolf spiders (D)
  A manticore (shapeshifter) (D)
  An orb spider (D)
  An oklob plant (D)
  2 manticores (D)
  A cyclops (D)
  An ugly thing (D)
  5 naga magi (D)
  A merfolk siren (D)
  A water nymph (D)
  3 black mambas (D)
  5 cane toads (D)
  A komodo dragon (D)
  2 efreet (D)
  A tengu conjurer (D)
  A polar bear (D)
  A wind drake (D)
  2 tyrant leeches (D)
  3 snapping turtles (D)
  2 tarantellas (D)
  2 wyverns (D)
  2 yaks (D)
  A basilisk (D)
  4 fire elementals (D)
  2 hell hounds (D)
  12 orc warriors (D)
  A necrophage (D)
  A wolf (D)
  A centaur (D)
  A kobold brigand (D)
  A gnoll sergeant (D)
  A bullfrog (D)
  A killer bee (D)
  4 orc priests (D)
  An iguana (D)
  12 orc wizards (D)
  An adder (D)
  6 worms (D)
  11 orcs (D)
  A ball python (D)
  A giant cockroach (D)
  A goblin (D)
  A hobgoblin (D)
  A jackal (D)
  A frilled lizard (D)
163 creatures vanquished.

Vanquished Creatures (others)
  A will-o-the-wisp (D)
  A black mamba (D)
2 creatures vanquished.

Grand Total: 165 creatures vanquished

Notes
Turn   | Place    | Note
-------+----------+-------------------------------------------
     0 | D        | mhtbhm the Minotaur Hunter began the quest for the Orb.
     0 | D        | Reached XP level 1. HP: 18/18 MP: 0/0
    13 | D        | Reached skill level 5 in Throwing
   103 | D        | Noticed an iguana
   103 | D        | Noticed a necrophage
   109 | D        | Killed an iguana
   110 | D        | Reached skill level 6 in Throwing
   110 | D        | Reached skill level 1 in Armour
   110 | D        | Reached XP level 2. HP: 16/25 MP: 1/1
   110 | D        | Reached XP level 3. HP: 19/30 MP: 2/2
   117 | D        | Killed a necrophage
   118 | D        | Reached skill level 8 in Throwing
   118 | D        | Reached XP level 4. HP: 27/40 MP: 3/3
   255 | D        | Found a snail-covered altar of Cheibriados.
   255 | D        | Found a shadowy altar of Dithmenos.
   255 | D        | Found a white marble altar of Elyvilon.
   255 | D        | Found a blossoming altar of Fedhas.
   255 | D        | Found an opulent altar of Gozag.
   275 | D        | Found a hazy altar of Hepliaklqana.
   276 | D        | Found a viscous altar of Jiyva.
   277 | D        | Found an ancient bone altar of Kikubaaqudgha.
   278 | D        | Found a corrupted altar of Lugonu.
   279 | D        | Found a burning altar of Makhleb.
   280 | D        | Found a sparkling altar of Nemelex Xobeh.
   281 | D        | Found an iron altar of Okawaru.
   282 | D        | Found a stormy altar of Qazlal.
   283 | D        | Found a sacrificial altar of Ru.
   284 | D        | Found a shimmering blue altar of Sif Muna.
   285 | D        | Found a bloodstained altar of Trog.
   286 | D        | Found a hide-covered altar of Uskayaw.
   287 | D        | Found a radiant altar of Vehumet.
   288 | D        | Found an ornate altar of the Wu Jian Council.
   289 | D        | Became a worshipper of Warmaster Okawaru
   290 | D        | Found a shimmering altar of Xom.
   291 | D        | Found a basalt altar of Yredelemnul.
   292 | D        | Found a glowing silver altar of Zin.
   293 | D        | Found a glowing golden altar of the Shining One.
   340 | D        | Noticed a wyvern
   340 | D        | Noticed a centaur
   340 | D        | Noticed a kobold brigand
   340 | D        | Noticed a gnoll sergeant
   344 | D        | Killed a kobold brigand
   345 | D        | Reached skill level 5 in Short Blades
   345 | D        | Reached skill level 9 in Throwing
   345 | D        | Reached XP level 5. HP: 23/47 MP: 4/4
   345 | D        | Killed a wyvern
   345 | D        | Reached * piety under Okawaru
   345 | D        | Killed a centaur
   346 | D        | Reached skill level 5 in Fighting
   346 | D        | Reached skill level 11 in Throwing
   346 | D        | Reached XP level 6. HP: 28/56 MP: 5/5
   346 | D        | Reached ** piety under Okawaru
   347 | D        | Reached XP level 7. HP: 31/62 MP: 6/6
   518 | D        | Noticed a deep elf pyromancer
   518 | D        | Noticed a tengu warrior
   518 | D        | Noticed a manticore
   518 | D        | Noticed an efreet
   518 | D        | Noticed a two-headed ogre
   518 | D        | Noticed an efreet
   521 | D        | Killed an efreet
   522 | D        | Reached skill level 12 in Throwing
   523 | D        | Killed a manticore
   523 | D        | Reached *** piety under Okawaru
   524 | D        | Reached skill level 13 in Throwing
   524 | D        | Reached skill level 5 in Dodging
   524 | D        | Reached XP level 8. HP: 41/71 MP: 7/7
   530 | D        | Killed a deep elf pyromancer
   531 | D        | Reached skill level 10 in Short Blades
   531 | D        | Reached skill level 1 in Long Blades
   531 | D        | Killed a two-headed ogre
   531 | D        | Reached **** piety under Okawaru
   531 | D        | Received a gift from Okawaru
   532 | D        | Reached skill level 14 in Throwing
   532 | D        | Reached XP level 9. HP: 17/80 MP: 5/11
   535 | D        | Killed an efreet
   535 | D        | Reached ***** piety under Okawaru
   535 | D        | Received a gift from Okawaru
   541 | D        | Killed a tengu warrior
   542 | D        | Reached skill level 10 in Armour
   542 | D        | Reached skill level 5 in Invocations
   542 | D        | Reached skill level 1 in Evocations
   869 | D        | Noticed an eight-headed hydra
   869 | D        | Noticed an eight-headed hydra
   869 | D        | Noticed a cane toad
   869 | D        | Noticed a cane toad
   883 | D        | Killed an eight-headed hydra
   883 | D        | Received a gift from Okawaru
   886 | D        | Killed a cane toad
   886 | D        | Received a gift from Okawaru
   887 | D        | Reached XP level 10. HP: 64/90 MP: 12/14
   891 | D        | Killed a six-headed hydra
   892 | D        | Reached skill level 15 in Throwing
   894 | D        | Killed a cane toad
   917 | D        | Identified the +8 dagger "Wocly" {speed, rPois Str+3}
                  | (Okawaru gifted it to you in the Dungeon)
   917 | D        | Received a gift from Okawaru
   918 | D        | Reached skill level 5 in Long Blades
  1158 | D        | Noticed a black mamba
  1158 | D        | Noticed a cane toad
  1158 | D        | Noticed a catoblepas
  1182 | D        | Killed a black mamba
  1190 | D        | Killed a cane toad
  1546 | D        | Killed a catoblepas
  1547 | D        | Reached skill level 1 in Stealth
  1738 | D        | Noticed an oklob plant
  1858 | D        | Noticed a cane toad
  1971 | D        | Killed an oklob plant
  1973 | D        | Noticed a cane toad
  1983 | D        | Killed a cane toad
  1992 | D        | Killed a cane toad
  1993 | D        | Reached skill level 16 in Throwing
  1993 | D        | Reached XP level 11. HP: 52/99 MP: 15/17
  2657 | D        | Reached skill level 10 in Fighting
  2658 | D        | Noticed an orc sorcerer
  2666 | D        | Killed an orc sorcerer
  2667 | D        | Reached skill level 10 in Invocations
  2958 | D        | Found Ori Qosch's Distillery.
  2958 | D        | Noticed an orc sorcerer
  2958 | D        | Noticed an orc sorcerer
  2958 | D        | Noticed an orc sorcerer
  2959 | D        | Killed an orc sorcerer
  2959 | D        | Noticed an orc sorcerer
  2962 | D        | Killed an orc sorcerer
  2962 | D        | Killed an orc sorcerer
  2963 | D        | Reached skill level 15 in Armour
  2964 | D        | Found Cuevao's Armour Shoppe.
  2965 | D        | Killed an orc sorcerer
  2965 | D        | Received a gift from Okawaru
  2966 | D        | Reached skill level 17 in Throwing
  2992 | D        | Found Qofoad's Antique Weapon Emporium.
  3002 | D        | Found Vicweq's Weapon Shoppe.
  3007 | D        | Noticed an orc sorcerer
  3023 | D        | Killed an orc sorcerer
  3151 | D        | Bought a potion of berserk rage for 60 gold pieces
  3151 | D        | Bought a potion of might for 48 gold pieces
  3151 | D        | Bought a potion of haste for 120 gold pieces
  3151 | D        | Bought a potion of curing for 36 gold pieces
  3151 | D        | Bought a potion of invisibility for 96 gold pieces
  3348 | D        | Noticed a centaur warrior
  3348 | D        | Noticed a deep elf pyromancer
  3348 | D        | Noticed an orc knight
  3348 | D        | Noticed a catoblepas
  3348 | D        | Noticed a deep elf pyromancer
  3350 | D        | Killed a centaur warrior
  3350 | D        | Received a gift from Okawaru
  3350 | D        | Killed a deep elf pyromancer
  3351 | D        | Killed a catoblepas
  3351 | D        | Reached ****** piety under Okawaru
  3351 | D        | Received a gift from Okawaru
  3352 | D        | Reached skill level 1 in Shields
  3353 | D        | Killed an orc knight
  3354 | D        | Killed a deep elf pyromancer
  3355 | D        | Reached skill level 18 in Throwing
  3412 | D        | Noticed a white ugly thing
  3418 | D        | Noticed a spriggan air mage
  3426 | D        | Killed a white ugly thing
  3427 | D        | Reached XP level 12. HP: 100/110 MP: 19/19
  3448 | D        | Noticed an ettin
  3451 | D        | Killed a spriggan air mage
  3579 | D        | Killed an ettin
  4070 | D        | Noticed a stone giant
  4097 | D        | Killed a stone giant
  4363 | D        | Noticed a stone giant
  4367 | D        | Noticed a fire dragon
  4367 | D        | Noticed a frost giant
  4376 | D        | Killed a stone giant
  4636 | D        | Killed a fire dragon
  4637 | D        | Reached skill level 19 in Throwing
  5528 | D        | Killed a frost giant
  5913 | D        | Noticed a fire dragon
  5942 | D        | Killed a fire dragon
  6143 | D        | Noticed Agnes
  6156 | D        | Noticed Saint Roka
  6163 | D        | Killed Agnes
  6163 | D        | Received a gift from Okawaru
  6539 | D        | Killed Saint Roka
  6806 | D        | Noticed an entropy weaver
  6812 | D        | Killed an entropy weaver
  6815 | D        | Noticed an emperor scorpion
  6825 | D        | Reached XP level 13. HP: 116/122 MP: 21/23
  6858 | D        | Killed an emperor scorpion
  7105 | D        | Reached skill level 15 in Invocations
  7106 | D        | Reached skill level 20 in Throwing
  7109 | D        | Reached skill level 10 in Long Blades
  7419 | D        | Received a gift from Okawaru
  7584 | D        | Noticed an eleionoma
  7608 | D        | Killed an eleionoma
  7614 | D        | Reached skill level 21 in Throwing
  7884 | D        | Noticed Azrael
  7893 | D        | Killed Azrael
  7912 | D        | Upgraded the game from 0.28-a0-730-g892d06dc2c to
                  | 0.28-a0-750-g7c675f85b1
  8170 | D        | Noticed Donald
  8187 | D        | Killed Donald
  8187 | D        | Received a gift from Okawaru
  8262 | D        | Noticed a fire giant
  8262 | D        | Noticed a stone giant
  8264 | D        | Received a gift from Okawaru
  8266 | D        | Noticed a stone giant
  8268 | D        | Killed a fire giant
  8268 | D        | Identified the +5 spear of Keot {holy, Fly} (Okawaru gifted
                  | it to you in the Dungeon)
  8268 | D        | Received a gift from Okawaru
  8269 | D        | Killed a stone giant
  8274 | D        | Killed a stone giant
  8276 | D        | Reached skill level 15 in Fighting
  8290 | D        | Noticed a stone giant
  8292 | D        | Noticed a stone giant
  8301 | D        | Reached skill level 22 in Throwing
  8301 | D        | Reached XP level 14. HP: 29/135 MP: 19/25
  8307 | D        | HP: 3/135 [deep troll earth mage (6)]
  8307 | D        | Mangled by a deep troll earth mage

Illustrated notes

Levels and vault maps discovered:
D:        linesprint [early_d, line_temple, items_1, d_10, items_2, lair_1,
          lair_end, items_3, orc_1, orc_end, items_4, d_15, swamp_1, shoals_1,
          snake_1, spider_1, d_20, vaults_1, items_5, swamp_end, shoals_end,
          snake_end, spider_end, vaults_end, d_27, items_6, zot_1, zot_end,
          crypt_end, forest_end, elf_end, slime_end, tomb_end, abyss_end,
          pan_hell_end]

Skill      XL: |  1  2  3  4  5  6  7  8  9 10 11 12 13 |
---------------+----------------------------------------+-----
Throwing       | 6 8 9 11 13 14 16 18 19 22 | 22.1
Short Blades   | 2 4 5 7 9 10 11 12 13 | 13.3
Armour         | 1 3 4 6 8 9 11 14 16 17 19 | 19.1
Dodging        | 3 4 5 6 7 8 |  8.9
Fighting       | 3 4 5 6 7 8 9 11 13 15 | 15.2
Long Blades    | 1 3 7 9 14 | 14.9
Invocations    | 4 6 9 11 14 17 | 17.2
Evocations     | 1 2 3 |  3.5
Stealth        | 1 2 |  2.8
Shields        | 1 3 4 |  4.0

Action                   |  1- 3 |  4- 6 |  7- 9 | 10-12 | 13-15 || total
-------------------------+-------+-------+-------+-------+-------++-------
Melee: Short sword       |    23 |       |       |       |       ||    23
       Headbutt          |     1 |       |     1 |    82 |    32 ||   116
       Scimitar          |       |       |    10 |    47 |    88 ||   145
       Dagger            |       |       |       |   275 |       ||   275
       Long sword        |       |       |       |       |    24 ||    24
Throw: Javelin           |       |     6 |    12 |    50 |    53 ||   121
       Dart              |       |       |       |    46 |    14 ||    60
       Throwing net      |       |       |       |     8 |       ||     8
Invok: Heroism           |       |       |     1 |     7 |     2 ||    10
       Finesse           |       |       |       |     6 |     1 ||     7
Evoke: Wand              |       |       |     4 |     6 |       ||    10
  Use: Potion            |     1 |       |     3 |     9 |     5 ||    18
       Scroll            |       |       |       |     5 |       ||     5
 Stab: Invisible         |       |       |       |     9 |     3 ||    12
Armor: Leather armour    |     1 |       |       |       |       ||     1
       Chain mail        |       |     2 |    30 |    54 |    57 ||   143
       Plate armour      |       |       |       |    20 |       ||    20
Dodge: Dodged            |    14 |     1 |    22 |    48 |    31 ||   116
Block: Buckler           |       |       |     1 |    18 |    10 ||    29
       Kite shield       |       |       |       |       |     4 ||     4
       Reflection        |       |       |       |       |     1 ||     1

Table legend: (Time is in decaauts)
 A = Elapsed time spent in this place.
 B = Non-inter-level travel time spent in this place.
 C = Inter-level travel time spent in this place.
 D = Time resting spent in this place.
 E = Time spent auto-exploring this place.
 F = Levels seen in this place.
 G = Mean time per level.
                   A        B        C        D        E       F      G
               +--------+--------+--------+--------+--------+-----+--------+
         Total |   8012 |   8012 |      0 |   4313 |   1693 |   1 | 8012.0 |
       Dungeon |   8012 |   8012 |      0 |   4313 |   1693 |   1 | 8012.0 |
               +--------+--------+--------+--------+--------+-----+--------+

Top non-repeatable levels by time:
       D: 8012 daAuts
